 Dungeon Crawl Stone Soup version 0.13.1-28-g3517093 (webtiles) character file.

19913 BoredOne the Fighter (level 12, -7/78 HPs)
             Began as a Gargoyle Berserker on Mar 19, 2014.
             Was an Elder of Trog.
             Shot with an arrow by a centaur warrior (16 damage)
             ... on Level 15 of the Dungeon.
             The game lasted 00:37:47 (14640 turns).

BoredOne the Fighter (Gargoyle Berserker)          Turns: 14640, Time: 00:37:47

HP  -7/78        AC 26     Str 24      XL: 12   Next: 69%
MP  10/11        EV  8     Int 12      God: Trog [****..]
Gold 448         SH  0     Dex 13      Spells:  0 memorised, 11 levels left

Res.Fire  : . . .   See Invis. : .   B - +0 great mace
Res.Cold  : . . .   Warding    : .   z - +0 chain mail
Life Prot.: + . .   Conserve   : .   (no shield)
Res.Poison: +       Res.Corr.  : .   s - +0 helmet
Res.Elec. : +       Clarity    : .   y - +1 dwarf cloak
Sust.Abil.: . .     Spirit.Shd : .   W - +1 pair of gauntlets
Res.Mut.  : .       Stasis     : .   x - -3 pair of boots of Sunlight {Str+2 Dex+4 Acc+4 Curse}
Res.Rott. : +       Flight     : .   (no amulet)
Saprovore : . . .                    (no ring)
                                     (no ring)

@: somewhat resistant to hostile enchantments, extremely unstealthy
A: fangs 1, talons 2, life protection 1, electricity resistance, slow metabolism
1, unbreathing, petrification resistance, AC +8
a: Burn Spellbooks, Berserk, Trog's Hand, Brothers in Arms, Renounce Religion


You were on level 15 of the Dungeon.
You worshipped Trog.
Trog was greatly pleased with you.
You were near starving.

You visited 1 branch of the dungeon, and saw 15 of its levels.

You collected 734 gold pieces.
You spent 306 gold pieces at shops.

Inventory:

Hand weapons
 a - a -3,-1 executioner's axe
 l - a +1,+1 spear of dragon slaying (quivered)
 B - a +0,+0 great mace (weapon)
 I - a +0,-1 great mace
 J - a +0,+0 morningstar
 S - the +5,+6 broad axe of Stickiness {chop, rPois MR++}
   (You took it off an orc priest on level 10 of the Dungeon)

   It inflicts extra damage upon your enemies.
   It protects you from poison.
   It affects your resistance to hostile enchantments.
Armour
 b - a cursed +0 animal skin
 q - the +3 hat of Pondering {ponderous, MR+ MP+10 Int+5}
   (You took it off Gastronok on level 9 of the Dungeon)

   It affects your intelligence (+5).
   It affects your resistance to hostile enchantments.
   It affects your magic capacity (+10).
 s - a +0 helmet (worn)
 x - the -3 pair of boots of Sunlight (worn) {Str+2 Dex+4 Acc+4 Curse}
   (You acquired it on level 14 of the Dungeon)

   It affects your strength (+2).
   It affects your dexterity (+4).
   It affects your accuracy (+4).
   It may recurse itself.
 y - a +1 dwarven cloak (worn)
 z - a +0 chain mail (worn)
 W - a +1 pair of gauntlets (worn)
 Z - a +0 pair of boots of flying
Magical devices
 C - a wand of paralysis (0) {unknown}
 D - a wand of disintegration (12)
 E - a wand of frost (8)
 Q - a wand of disintegration (10)
 R - a wand of slowing (5)
 T - a wand of lightning (7)
 U - a wand of magic darts (10) {unknown}
 Y - a wand of digging (8) {unknown}
Comestibles
 c - 11 bread rations
 m - a pear
 A - 8 meat rations
 F - 4 honeycombs
 M - 2 sultanas
 P - 4 strawberries
Scrolls
 h - 2 scrolls of teleportation
 j - a scroll of fear
 n - 3 scrolls of noise
 r - 4 scrolls of remove curse
 L - a scroll of magic mapping
 N - a scroll of recharging
 O - a scroll of enchant weapon II
 V - a scroll of identify
Potions
 d - 2 potions of invisibility {unknown}
 f - a potion of restore abilities
 i - 5 potions of curing
 k - a potion of agility {unknown}
 t - a potion of magic {unknown}
 u - 2 potions of brilliance
 v - 2 potions of paralysis {!q}
 w - a potion of resistance
 H - a potion of speed {unknown}
 K - a potion of might {unknown}


   Skills:
 + Level 13.2 Fighting
 + Level 12.9 Maces & Flails
 + Level 13.0 Armour
 - Level 1.5 Dodging


You had 11 spell levels left.
You didn't know any spells.

Dungeon Overview and Level Annotations

Branches:
Dungeon (15/27)            Temple (0/1) D:6             Orc (0/4) D:6
   Lair (0/8) D:13
 Vaults: D:15-20

Altars:
Ashenzari
Okawaru
Sif Muna
Vehumet

Shops:
D:8 (?

Portals:
Ziggurat: D:7 (2940 gp)


Innate Abilities, Weirdness & Mutations

You are resistant to torment.
You are immune to poison.
Your stone body is very resilient (AC +8).
You have very sharp teeth.
You have razor-sharp toenails.
You resist negative energy.
You are resistant to electric shocks.
You have a slow metabolism.
You can survive without breathing.
You are immune to petrification.


Message History

A centaur warrior is nearby!
Drink which item? (? for menu, Esc to quit)
You feel better.
The centaur warrior shouts!
The centaur warrior wields a longbow.
The centaur warrior shoots an arrow.
The arrow hits you!
The centaur warrior shoots an arrow.
The arrow hits you!
The centaur warrior shoots an arrow.
The arrow hits you!
You see here 2 arrows.
The centaur warrior shoots an arrow.
The arrow hits you!
You see here an arrow.
The centaur warrior shoots an arrow.
The arrow hits you!
The centaur warrior shoots an arrow.
The arrow hits you!
* * * LOW HITPOINT WARNING * * *
You see here 2 arrows.
The centaur warrior shoots an arrow.
The arrow hits you!
* * * LOW HITPOINT WARNING * * *
You see here an arrow.
The centaur warrior shoots an arrow.
The arrow hits you!
You die...

. ..## ...# #..# .#
##..# ...##...#
.......c# ..>......#
.........@#
#..?......(## #..
#.....$...(###...#
#..$.....(.....#
#.......(.....##
##..}..)(......#
#####.......###....#
##........####
##...# #.........##
#...


You could see a centaur warrior.

Vanquished Creatures
  Gastronok (D:9)
  A hydra (D:14)
  5 skeletal warriors (D:14)
  3 hill giants
  Joseph (D:12)
  A griffon (D:13)
  An item mimic (D:14)
  A jumping spider (shapeshifter) (D:15)
  A two-headed ogre (D:11)
  A fire drake (shapeshifter) (D:15)
  2 wraiths (D:15)
  A hill giant zombie (D:13)
  6 ugly things (D:13)
  13 yaks
  A shadow (D:15)
  A spiny worm zombie (D:12)
  Eustachio (D:10)
  2 wyverns
  A hungry ghost (D:14)
  2 spriggan skeletons (D:14)
  3 necrophages
  A mottled dragon (D:15)
  The ghost of stopandthink the Chopper, an average CeBe of Trog (D:8)
  2 manticores
  An ice beast (D:6)
  3 phantoms
  2 black bears
  2 orc warriors
  2 sky beasts
  3 ogres
  A water moccasin (D:7)
  2 big kobolds
  10 centaurs
  3 lava worms (D:11)
  A wyvern zombie (D:9)
  Blork the orc (D:5)
  4 giant frogs
  2 manticore zombies
  A gnoll sergeant (D:9)
  An eye of draining (shapeshifter) (D:15)
  2 eyes of draining
  4 killer bees (D:8)
  A yak zombie (D:13)
  8 wights
  An oklob sapling (D:6)
  6 crimson imps
  A troll skeleton (D:14)
  2 goliath beetles
  A centaur zombie (D:12)
  5 orc priests
  8 scorpions
  2 centaur skeletons
  2 quasits
  10 hounds
  3 jellies
  A basilisk zombie (D:14)
  5 orc wizards
  A shapeshifter simulacrum (D:14)
  4 worker ants
  A killer bee zombie (D:5)
  An ogre zombie (D:5)
  Jessica (D:3)
  A hound skeleton (D:10)
  A hound zombie (D:7)
  2 mummies
  12 adders
  9 gnolls
  3 giant centipedes
  A shadow imp (D:14)
  5 giant mites
  A steam dragon skeleton (D:9)
  A worm (D:2)
  A goliath beetle zombie (D:11)
  An adder zombie (D:8)
  4 giant eyeballs
  4 giant geckos
  An ooze (D:4)
  27 orcs
  A bat zombie (D:8)
  5 giant cockroaches
  19 goblins
  15 hobgoblins
  13 jackals
  3 ball pythons (D:3)
  15 bats
  13 giant newts
  A giant spore (D:13)
  A goblin skeleton (D:5)
  24 kobolds
  7 quokkas
  15 rats
  A rat zombie (D:5)
  8 ballistomycetes
  A fungus (D:12)
  A plant (D:6)
379 creatures vanquished.

Vanquished Creatures (collateral kills)
  A trapdoor spider (D:13)
  A wraith (D:13)
  3 ugly things (D:13)
  A soldier ant (D:13)
  An orc warrior (D:13)
  A centaur (D:13)
  A warg (D:13)
  An agate snail (D:13)
  A crimson imp (D:13)
  2 orc priests (D:13)
  2 orc wizards (D:13)
  2 orcs (D:13)
17 creatures vanquished.

Vanquished Creatures (others)
  A grizzly bear (D:13)
  2 giant spores
  A fungus (D:12)
  A plant (D:6)
5 creatures vanquished.

Grand Total: 401 creatures vanquished

Notes
Turn   | Place    | Note
--------------------------------------------------------------
     0 | D:1      | BoredOne, the Gargoyle Berserker, began the quest for the Orb.
     0 | D:1      | Reached XP level 1. HP: 14/14 MP: 0/0
   114 | D:1      | Reached XP level 2. HP: 16/19 MP: 1/1
   376 | D:1      | Acquired Trog's second power
   812 | D:2      | Reached XP level 3. HP: 20/24 MP: 2/2
  1023 | D:2      | Reached skill level 4 in Fighting
  1023 | D:2      | Reached skill level 4 in Maces & Flails
  1023 | D:2      | Reached skill level 3 in Armour
  1029 | D:2      | Reached XP level 4. HP: 7/29 MP: 3/3
  1784 | D:3      | Noticed a phantom
  1804 | D:3      | Killed a phantom
  1804 | D:3      | Reached XP level 5. HP: 33/33 MP: 4/4
  1875 | D:3      | Noticed Jessica
  1884 | D:3      | Killed Jessica
  1884 | D:3      | Reached skill level 4 in Armour
  1891 | D:3      | Noticed a centaur
  1894 | D:3      | HP: 6/34 [centaur/arrow (5)]
  1900 | D:3      | Killed a centaur
  1900 | D:3      | Reached skill level 5 in Fighting
  1900 | D:3      | Reached skill level 5 in Maces & Flails
  1900 | D:3      | Reached XP level 6. HP: 3/39 MP: 5/5
  2762 | D:3      | Acquired Trog's third power
  3195 | D:4      | Found a shattered altar of Ashenzari.
  3201 | D:4      | Found a radiant altar of Vehumet.
  3236 | D:4      | Reached XP level 7. HP: 44/44 MP: 6/6
  3239 | D:4      | Reached skill level 5 in Armour
  3296 | D:4      | Paralysed by a giant eyeball for 3 turns
  3302 | D:4      | Paralysed by a giant eyeball for 2 turns
  3526 | D:4      | HP: 13/66 [goblin/dagger (2)]
  3815 | D:5      | Entered Level 5 of the Dungeon
  3903 | D:5      | Reached skill level 6 in Fighting
  3903 | D:5      | Reached skill level 6 in Maces & Flails
  4176 | D:5      | Reached XP level 8. HP: 50/50 MP: 7/7
  4438 | D:5      | Noticed Blork the orc
  4445 | D:5      | Killed Blork the orc
  4445 | D:5      | Reached skill level 6 in Armour
  4697 | D:6      | Found a staircase to the Orcish Mines.
  4799 | D:6      | Reached skill level 7 in Fighting
  4799 | D:6      | Reached skill level 7 in Maces & Flails
  5045 | D:6      | Received a gift from Trog
  5270 | D:6      | Found a staircase to the Ecumenical Temple.
  5282 | D:6      | Reached skill level 7 in Armour
  5421 | D:6      | Reached XP level 9. HP: 49/56 MP: 8/8
  5594 | D:7      | Reached skill level 8 in Fighting
  5645 | D:7      | Reached skill level 8 in Maces & Flails
  5681 | D:7      | Found a gateway to a ziggurat.
  5681 | D:7      | Noticed an angel
  6078 | D:7      | Found an iron altar of Okawaru.
  6509 | D:8      | Reached skill level 8 in Armour
  6565 | D:8      | Noticed stopandthink's ghost (average CeBe)
  6575 | D:8      | Killed stopandthink's ghost
  6727 | D:8      | Found Anyi's Antique Weapon Emporium.
  6740 | D:8      | Found Jysuas' Magic Scroll Boutique.
  6748 | D:8      | Bought a scroll of identify for 24 gold pieces
  6748 | D:8      | Bought a scroll of identify for 24 gold pieces
  6748 | D:8      | Bought a scroll of teleportation for 36 gold pieces
  6748 | D:8      | Bought a scroll of enchant armour for 66 gold pieces
  6748 | D:8      | Bought a scroll of enchant weapon II for 66 gold pieces
  6748 | D:8      | Bought a scroll of fear for 42 gold pieces
  6748 | D:8      | Bought a scroll of remove curse for 36 gold pieces
  6748 | D:8      | Bought a scroll of noise for 12 gold pieces
  7063 | D:8      | Reached skill level 9 in Fighting
  7273 | D:9      | Paralysed by a giant eyeball for 2 turns
  7276 | D:9      | Reached skill level 9 in Maces & Flails
  7489 | D:9      | Noticed Gastronok
  7502 | D:9      | Killed Gastronok
  7502 | D:9      | Reached skill level 9 in Armour
  7502 | D:9      | Reached XP level 10. HP: 19/64 MP: 9/9
  7503 | D:9      | Reached skill level 10 in Fighting
  7508 | D:9      | HP: 14/96 [orc priest/divine providence (12)]
  7517 | D:9      | HP: 10/64 [orc priest/divine providence (16)]
  7692 | D:9      | Received a gift from Trog
  7846 | D:9      | Reached skill level 10 in Maces & Flails
  8354 | D:10     | Entered Level 10 of the Dungeon
  8547 | D:10     | Reached skill level 10 in Armour
  8558 | D:10     | Got a faintly glowing broad axe
  8559 | D:10     | Identified the broad axe of Stickiness {chop, rPois MR++} (You took it off an orc priest on level 10 of the Dungeon)
  9063 | D:10     | Noticed Eustachio
  9069 | D:10     | Paralysed by a giant eyeball for 3 turns
  9075 | D:10     | Paralysed by a giant eyeball for 3 turns
  9085 | D:10     | Killed Eustachio
 10583 | D:11     | Reached XP level 11. HP: 69/69 MP: 10/10
 10590 | D:11     | Reached skill level 11 in Fighting
 10723 | D:11     | Reached skill level 11 in Maces & Flails
 10803 | D:12     | Noticed a hill giant
 10811 | D:12     | Killed a hill giant
 10811 | D:12     | Reached skill level 11 in Armour
 11239 | D:12     | Noticed Joseph
 11244 | D:12     | Killed Joseph
 11263 | D:12     | Received a gift from Trog
 11614 | D:13     | Found a deep blue altar of Sif Muna.
 12101 | D:13     | Found a staircase to the Lair.
 12320 | D:13     | Noticed a hill giant
 12332 | D:13     | Reached skill level 12 in Fighting
 12336 | D:13     | Killed a hill giant
 12353 | D:13     | Reached skill level 12 in Armour
 12391 | D:13     | Reached skill level 12 in Maces & Flails
 12398 | D:13     | Reached XP level 12. HP: 63/77 MP: 11/11
 12663 | D:14     | Entered Level 14 of the Dungeon
 12979 | D:14     | HP: 1/77 [skeletal warrior/great mace (21)]
 13469 | D:14     | Noticed a five-headed hydra
 13490 | D:14     | Killed a five-headed hydra
 13832 | D:14     | Identified a scroll of acquirement
 13836 | D:14     | Got a pair of faintly humming boots
 13840 | D:14     | Identified the -3 pair of boots of Sunlight {Str+2 Dex+4 Acc+4 Curse} (You acquired it on level 14 of the Dungeon)
 14230 | D:15     | Entered Level 15 of the Dungeon
 14244 | D:15     | Reached skill level 13 in Fighting
 14503 | D:15     | Found a shattered altar of Ashenzari.
 14565 | D:15     | Reached skill level 13 in Armour
 14639 | D:15     | HP: 9/78 [centaur warrior/arrow (21)]
 14640 | D:15     | Shot with an arrow by a centaur warrior

Action                   |  1- 3 |  4- 6 |  7- 9 | 10-12 || total
-------------------------+-------+-------+-------+-------++-------
Melee: Mace              |    89 |   161 |    60 |       ||   310
       Flail             |       |       |   134 |       ||   134
       Great mace        |       |       |   229 |   680 ||   909
       Executioner's axe |       |       |       |     6 ||     6
Throw: Spear             |       |       |       |     1 ||     1
Invok: Berserk           |       |     2 |     3 |     8 ||    13
       Trog's Hand       |       |       |     1 |     9 ||    10
       Brothers in Arms  |       |       |       |     3 ||     3
Evoke: Wand              |       |       |     2 |     2 ||     4
  Use: Scroll            |       |       |    12 |     7 ||    19
       Potion            |       |       |       |     7 ||     7
Dungeon Crawl Stone Soup version 0.13.1-28-g3517093 (webtiles) character file. 19913 BoredOne the Fighter (level 12, -7/78 HPs) Began as a Gargoyle Berserker on Mar 19, 2014. Was an Elder of Trog. Shot with an arrow by a centaur warrior (16 damage) ... on Level 15 of the Dungeon. The game lasted 00:37:47 (14640 turns). BoredOne the Fighter (Gargoyle Berserker) Turns: 14640, Time: 00:37:47 HP -7/78 AC 26 Str 24 XL: 12 Next: 69% MP 10/11 EV 8 Int 12 God: Trog [****..] Gold 448 SH 0 Dex 13 Spells: 0 memorised, 11 levels left Res.Fire : . . . See Invis. : . B - +0 great mace Res.Cold : . . . Warding : . z - +0 chain mail Life Prot.: + . . Conserve : . (no shield) Res.Poison: + Res.Corr. : . s - +0 helmet Res.Elec. : + Clarity : . y - +1 dwarf cloak Sust.Abil.: . . Spirit.Shd : . W - +1 pair of gauntlets Res.Mut. : . Stasis : . x - -3 pair of boots of Sunlight {Str+2 Dex+4 Acc+4 Curse} Res.Rott. : + Flight : . (no amulet) Saprovore : . . . (no ring) (no ring) @: somewhat resistant to hostile enchantments, extremely unstealthy A: fangs 1, talons 2, life protection 1, electricity resistance, slow metabolism 1, unbreathing, petrification resistance, AC +8 a: Burn Spellbooks, Berserk, Trog's Hand, Brothers in Arms, Renounce Religion You were on level 15 of the Dungeon. You worshipped Trog. Trog was greatly pleased with you. You were near starving. You visited 1 branch of the dungeon, and saw 15 of its levels. You collected 734 gold pieces. You spent 306 gold pieces at shops. Dungeon Overview and Level Annotations Branches: Dungeon (15/27) Temple (0/1) D:6 Orc (0/4) D:6 Lair (0/8) D:13 Vaults: D:15-20 Altars: Ashenzari Okawaru Sif Muna Vehumet Shops: D:8 (? Portals: Ziggurat: D:7 (2940 gp) Innate Abilities, Weirdness & Mutations You are resistant to torment. You are immune to poison. Your stone body is very resilient (AC +8). You have very sharp teeth. You have razor-sharp toenails. You resist negative energy. You are resistant to electric shocks. You have a slow metabolism. You can survive without breathing. You are immune to petrification. Skills: + Level 13.2 Fighting + Level 12.9 Maces & Flails + Level 13.0 Armour - Level 1.5 Dodging You had 11 spell levels left. You didn't know any spells. Inventory: Hand weapons a - a -3,-1 executioner's axe l - a +1,+1 spear of dragon slaying (quivered) B - a +0,+0 great mace (weapon) I - a +0,-1 great mace J - a +0,+0 morningstar S - the +5,+6 broad axe of Stickiness {chop, rPois MR++} (You took it off an orc priest on level 10 of the Dungeon) It inflicts extra damage upon your enemies. It protects you from poison. It affects your resistance to hostile enchantments. Armour b - a cursed +0 animal skin q - the +3 hat of Pondering {ponderous, MR+ MP+10 Int+5} (You took it off Gastronok on level 9 of the Dungeon) It affects your intelligence (+5). It affects your resistance to hostile enchantments. It affects your magic capacity (+10). s - a +0 helmet (worn) x - the -3 pair of boots of Sunlight (worn) {Str+2 Dex+4 Acc+4 Curse} (You acquired it on level 14 of the Dungeon) It affects your strength (+2). It affects your dexterity (+4). It affects your accuracy (+4). It may recurse itself. y - a +1 dwarven cloak (worn) z - a +0 chain mail (worn) W - a +1 pair of gauntlets (worn) Z - a +0 pair of boots of flying Magical devices C - a wand of paralysis (0) {unknown} D - a wand of disintegration (12) E - a wand of frost (8) Q - a wand of disintegration (10) R - a wand of slowing (5) T - a wand of lightning (7) U - a wand of magic darts (10) {unknown} Y - a wand of digging (8) {unknown} Comestibles c - 11 bread rations m - a pear A - 8 meat rations F - 4 honeycombs M - 2 sultanas P - 4 strawberries Scrolls h - 2 scrolls of teleportation j - a scroll of fear n - 3 scrolls of noise r - 4 scrolls of remove curse L - a scroll of magic mapping N - a scroll of recharging O - a scroll of enchant weapon II V - a scroll of identify Potions d - 2 potions of invisibility {unknown} f - a potion of restore abilities i - 5 potions of curing k - a potion of agility {unknown} t - a potion of magic {unknown} u - 2 potions of brilliance v - 2 potions of paralysis {!q} w - a potion of resistance H - a potion of speed {unknown} K - a potion of might {unknown} Message History A centaur warrior is nearby! Drink which item? (? for menu, Esc to quit) You feel better. The centaur warrior shouts! The centaur warrior wields a longbow. The centaur warrior shoots an arrow. The arrow hits you! The centaur warrior shoots an arrow. The arrow hits you! The centaur warrior shoots an arrow. The arrow hits you! You see here 2 arrows. The centaur warrior shoots an arrow. The arrow hits you! You see here an arrow. The centaur warrior shoots an arrow. The arrow hits you! The centaur warrior shoots an arrow. The arrow hits you! * * * LOW HITPOINT WARNING * * * You see here 2 arrows. The centaur warrior shoots an arrow. The arrow hits you! * * * LOW HITPOINT WARNING * * * You see here an arrow. The centaur warrior shoots an arrow. The arrow hits you! You die... . ..## ...# #..# .# ##..# ...##...# .......c# ..>......# .........@# #..?......(## #.. #.....$...(###...# #..$.....(.....# #.......(.....## ##..}..)(......# #####.......###....# ##........#### ##...# #.........## #... You could see a centaur warrior.

Action                   |  1- 3 |  4- 6 |  7- 9 | 10-12 || total
-------------------------+-------+-------+-------+-------++-------
Melee: Mace              |    89 |   161 |    60 |       ||   310
       Flail             |       |       |   134 |       ||   134
       Great mace        |       |       |   229 |   680 ||   909
       Executioner's axe |       |       |       |     6 ||     6
Throw: Spear             |       |       |       |     1 ||     1
Invok: Berserk           |       |     2 |     3 |     8 ||    13
       Trog's Hand       |       |       |     1 |     9 ||    10
       Brothers in Arms  |       |       |       |     3 ||     3
Evoke: Wand              |       |       |     2 |     2 ||     4
  Use: Scroll            |       |       |    12 |     7 ||    19
       Potion            |       |       |       |     7 ||     7

Vanquished Creatures
  Gastronok (D:9)
  A hydra (D:14)
  5 skeletal warriors (D:14)
  3 hill giants
  Joseph (D:12)
  A griffon (D:13)
  An item mimic (D:14)
  A jumping spider (shapeshifter) (D:15)
  A two-headed ogre (D:11)
  A fire drake (shapeshifter) (D:15)
  2 wraiths (D:15)
  A hill giant zombie (D:13)
  6 ugly things (D:13)
  13 yaks
  A shadow (D:15)
  A spiny worm zombie (D:12)
  Eustachio (D:10)
  2 wyverns
  A hungry ghost (D:14)
  2 spriggan skeletons (D:14)
  3 necrophages
  A mottled dragon (D:15)
  The ghost of stopandthink the Chopper, an average CeBe of Trog (D:8)
  2 manticores
  An ice beast (D:6)
  3 phantoms
  2 black bears
  2 orc warriors
  2 sky beasts
  3 ogres
  A water moccasin (D:7)
  2 big kobolds
  10 centaurs
  3 lava worms (D:11)
  A wyvern zombie (D:9)
  Blork the orc (D:5)
  4 giant frogs
  2 manticore zombies
  A gnoll sergeant (D:9)
  An eye of draining (shapeshifter) (D:15)
  2 eyes of draining
  4 killer bees (D:8)
  A yak zombie (D:13)
  8 wights
  An oklob sapling (D:6)
  6 crimson imps
  A troll skeleton (D:14)
  2 goliath beetles
  A centaur zombie (D:12)
  5 orc priests
  8 scorpions
  2 centaur skeletons
  2 quasits
  10 hounds
  3 jellies
  A basilisk zombie (D:14)
  5 orc wizards
  A shapeshifter simulacrum (D:14)
  4 worker ants
  A killer bee zombie (D:5)
  An ogre zombie (D:5)
  Jessica (D:3)
  A hound skeleton (D:10)
  A hound zombie (D:7)
  2 mummies
  12 adders
  9 gnolls
  3 giant centipedes
  A shadow imp (D:14)
  5 giant mites
  A steam dragon skeleton (D:9)
  A worm (D:2)
  A goliath beetle zombie (D:11)
  An adder zombie (D:8)
  4 giant eyeballs
  4 giant geckos
  An ooze (D:4)
  27 orcs
  A bat zombie (D:8)
  5 giant cockroaches
  19 goblins
  15 hobgoblins
  13 jackals
  3 ball pythons (D:3)
  15 bats
  13 giant newts
  A giant spore (D:13)
  A goblin skeleton (D:5)
  24 kobolds
  7 quokkas
  15 rats
  A rat zombie (D:5)
  8 ballistomycetes
  A fungus (D:12)
  A plant (D:6)
379 creatures vanquished.

Vanquished Creatures (collateral kills)
  A trapdoor spider (D:13)
  A wraith (D:13)
  3 ugly things (D:13)
  A soldier ant (D:13)
  An orc warrior (D:13)
  A centaur (D:13)
  A warg (D:13)
  An agate snail (D:13)
  A crimson imp (D:13)
  2 orc priests (D:13)
  2 orc wizards (D:13)
  2 orcs (D:13)
17 creatures vanquished.

Vanquished Creatures (others)
  A grizzly bear (D:13)
  2 giant spores
  A fungus (D:12)
  A plant (D:6)
5 creatures vanquished. Grand Total:
401 creatures vanquished Notes Turn | Place | Note -------------------------------------------------------------- 0 | D:1 | BoredOne, the Gargoyle Berserker, began the quest for the Orb. 0 | D:1 | Reached XP level 1. HP: 14/14 MP: 0/0 114 | D:1 | Reached XP level 2. HP: 16/19 MP: 1/1 376 | D:1 | Acquired Trog's second power 812 | D:2 | Reached XP level 3. HP: 20/24 MP: 2/2 1023 | D:2 | Reached skill level 4 in Fighting 1023 | D:2 | Reached skill level 4 in Maces & Flails 1023 | D:2 | Reached skill level 3 in Armour 1029 | D:2 | Reached XP level 4. HP: 7/29 MP: 3/3 1784 | D:3 | Noticed a phantom 1804 | D:3 | Killed a phantom 1804 | D:3 | Reached XP level 5. HP: 33/33 MP: 4/4 1875 | D:3 | Noticed Jessica 1884 | D:3 | Killed Jessica 1884 | D:3 | Reached skill level 4 in Armour 1891 | D:3 | Noticed a centaur 1894 | D:3 | HP: 6/34 [centaur/arrow (5)] 1900 | D:3 | Killed a centaur 1900 | D:3 | Reached skill level 5 in Fighting 1900 | D:3 | Reached skill level 5 in Maces & Flails 1900 | D:3 | Reached XP level 6. HP: 3/39 MP: 5/5 2762 | D:3 | Acquired Trog's third power 3195 | D:4 | Found a shattered altar of Ashenzari. 3201 | D:4 | Found a radiant altar of Vehumet. 3236 | D:4 | Reached XP level 7. HP: 44/44 MP: 6/6 3239 | D:4 | Reached skill level 5 in Armour 3296 | D:4 | Paralysed by a giant eyeball for 3 turns 3302 | D:4 | Paralysed by a giant eyeball for 2 turns 3526 | D:4 | HP: 13/66 [goblin/dagger (2)] 3815 | D:5 | Entered Level 5 of the Dungeon 3903 | D:5 | Reached skill level 6 in Fighting 3903 | D:5 | Reached skill level 6 in Maces & Flails 4176 | D:5 | Reached XP level 8. HP: 50/50 MP: 7/7 4438 | D:5 | Noticed Blork the orc 4445 | D:5 | Killed Blork the orc 4445 | D:5 | Reached skill level 6 in Armour 4697 | D:6 | Found a staircase to the Orcish Mines. 4799 | D:6 | Reached skill level 7 in Fighting 4799 | D:6 | Reached skill level 7 in Maces & Flails 5045 | D:6 | Received a gift from Trog 5270 | D:6 | Found a staircase to the Ecumenical Temple. 5282 | D:6 | Reached skill level 7 in Armour 5421 | D:6 | Reached XP level 9. HP: 49/56 MP: 8/8 5594 | D:7 | Reached skill level 8 in Fighting 5645 | D:7 | Reached skill level 8 in Maces & Flails 5681 | D:7 | Found a gateway to a ziggurat. 5681 | D:7 | Noticed an angel 6078 | D:7 | Found an iron altar of Okawaru. 6509 | D:8 | Reached skill level 8 in Armour 6565 | D:8 | Noticed stopandthink's ghost (average CeBe) 6575 | D:8 | Killed stopandthink's ghost 6727 | D:8 | Found Anyi's Antique Weapon Emporium. 6740 | D:8 | Found Jysuas' Magic Scroll Boutique. 6748 | D:8 | Bought a scroll of identify for 24 gold pieces 6748 | D:8 | Bought a scroll of identify for 24 gold pieces 6748 | D:8 | Bought a scroll of teleportation for 36 gold pieces 6748 | D:8 | Bought a scroll of enchant armour for 66 gold pieces 6748 | D:8 | Bought a scroll of enchant weapon II for 66 gold pieces 6748 | D:8 | Bought a scroll of fear for 42 gold pieces 6748 | D:8 | Bought a scroll of remove curse for 36 gold pieces 6748 | D:8 | Bought a scroll of noise for 12 gold pieces 7063 | D:8 | Reached skill level 9 in Fighting 7273 | D:9 | Paralysed by a giant eyeball for 2 turns 7276 | D:9 | Reached skill level 9 in Maces & Flails 7489 | D:9 | Noticed Gastronok 7502 | D:9 | Killed Gastronok 7502 | D:9 | Reached skill level 9 in Armour 7502 | D:9 | Reached XP level 10. HP: 19/64 MP: 9/9 7503 | D:9 | Reached skill level 10 in Fighting 7508 | D:9 | HP: 14/96 [orc priest/divine providence (12)] 7517 | D:9 | HP: 10/64 [orc priest/divine providence (16)] 7692 | D:9 | Received a gift from Trog 7846 | D:9 | Reached skill level 10 in Maces & Flails 8354 | D:10 | Entered Level 10 of the Dungeon 8547 | D:10 | Reached skill level 10 in Armour 8558 | D:10 | Got a faintly glowing broad axe 8559 | D:10 | Identified the broad axe of Stickiness {chop, rPois MR++} (You took it off an orc priest on level 10 of the Dungeon) 9063 | D:10 | Noticed Eustachio 9069 | D:10 | Paralysed by a giant eyeball for 3 turns 9075 | D:10 | Paralysed by a giant eyeball for 3 turns 9085 | D:10 | Killed Eustachio 10583 | D:11 | Reached XP level 11. HP: 69/69 MP: 10/10 10590 | D:11 | Reached skill level 11 in Fighting 10723 | D:11 | Reached skill level 11 in Maces & Flails 10803 | D:12 | Noticed a hill giant 10811 | D:12 | Killed a hill giant 10811 | D:12 | Reached skill level 11 in Armour 11239 | D:12 | Noticed Joseph 11244 | D:12 | Killed Joseph 11263 | D:12 | Received a gift from Trog 11614 | D:13 | Found a deep blue altar of Sif Muna. 12101 | D:13 | Found a staircase to the Lair. 12320 | D:13 | Noticed a hill giant 12332 | D:13 | Reached skill level 12 in Fighting 12336 | D:13 | Killed a hill giant 12353 | D:13 | Reached skill level 12 in Armour 12391 | D:13 | Reached skill level 12 in Maces & Flails 12398 | D:13 | Reached XP level 12. HP: 63/77 MP: 11/11 12663 | D:14 | Entered Level 14 of the Dungeon 12979 | D:14 | HP: 1/77 [skeletal warrior/great mace (21)] 13469 | D:14 | Noticed a five-headed hydra 13490 | D:14 | Killed a five-headed hydra 13832 | D:14 | Identified a scroll of acquirement 13836 | D:14 | Got a pair of faintly humming boots 13840 | D:14 | Identified the -3 pair of boots of Sunlight {Str+2 Dex+4 Acc+4 Curse} (You acquired it on level 14 of the Dungeon) 14230 | D:15 | Entered Level 15 of the Dungeon 14244 | D:15 | Reached skill level 13 in Fighting 14503 | D:15 | Found a shattered altar of Ashenzari. 14565 | D:15 | Reached skill level 13 in Armour 14639 | D:15 | HP: 9/78 [centaur warrior/arrow (21)] 14640 | D:15 | Shot with an arrow by a centaur warrior

Vault maps used:
D:1:      erik_entry_blinker_ship, serial_forest,
          infiniplex_forest_clump_diagonal, infiniplex_forest_straight_4,
          infiniplex_forest_clump_diagonal, infiniplex_forest_lined_ring,
          infiniplex_forest_straight_3, infiniplex_forest_3_way
D:2:      jiyva_altar_2
D:3:      first_bread, minmay_snake_closets, uniq_jessica
D:4:      minitemple
D:5:      uniq_blork_the_orc
D:6:      minmay_temple_entry_oklob, orc_0_dummy
D:7:      okawaru_altar_gauntlet_db, enter_shallow_ziggurat_d,
          minmay_misc_feat_doors
D:8:      serial_shops, shop, shop
D:9:      minivault_23, uniq_gastronok
D:10:     uniq_eustachio
D:12:     old_forge, nrook_mini_backslash, uniq_joseph
D:13:     erik_lair_orcish_takeover, lemuel_centaur_altar
D:14:     minmay_door_square, hangedman_tell_no_tales
D:15:     lemuel_doored_altar
